 Dungeon Crawl Stone Soup version 0.31-a0-1002-g8e65716e6e (webtiles) character file.

Game seed: 9947145805433332125

27880 Dirtsage the Martial Artist (level 13, -4/90 HPs)
             Began as an Octopode Shapeshifter on Nov 9, 2023.
             Was an Initiate of Gozag.
             Slain by a skyshark (11 damage)
             ... on level 3 of the Lair of Beasts.
             The game lasted 00:53:51 (17920 turns).

Dirtsage the Martial Artist (OpSh)                 Turns: 17920, Time: 00:53:52

Health: -4/90      AC:  1    Str: 14    XL:     13   Next: 35%
Magic:  0/13       EV: 16    Int: 15    God:    Gozag
Gold:   1921       SH:  0    Dex: 16    Spells: 0/12 levels left

rFire   + .          .
                       - Unarmed
rCold   + + .        (no shield)
rNeg    + . .        (helmet restricted)
rPois   +            R - amulet of Dim Light {Spirit rElec rC+ rN+ Int+3}
rElec   +            F - ring of protection from fire
rCorr   +            C - ring of resist corrosion
SInv    +            S - ring of see invisible
Will    .....        I - ring of protection from cold
Stlth   ++           J - +4 ring of slaying
HPRegen 0.35/turn    W - ring of wizardry
MPRegen 0.13/turn    P - ring of poison resistance
                     (no ring)

%: guardian spirit, wizardry (x1)
@: about to teleport, maw-form, gold aura
A: devouring maw, almost no armour, amphibious, 8 rings, camouflage 1,
gelatinous body 1, (nimble swimmer 1), tentacles
a: Begin Untransformation, Renounce Religion, Potion Petition, Call Merchant,
Bribe Branch


You were on level 3 of the Lair of Beasts.
You worshipped Gozag.
Gozag was most pleased with you.
You were a creature with a mouth for a stomach.
You visited 3 branches of the dungeon, and saw 14 of its levels.
You also visited: Sewer and Volcano.

You collected 4995 gold pieces.
You spent 2210 gold pieces at shops.
You paid 864 gold pieces to Gozag.

Inventory:

Missiles
 j - 3 atropa-tipped darts
 v - a curare-tipped dart
 O - a throwing net
Magical Staves
 k - a staff of earth
Jewellery
 B - the amulet "Syezuosm" {Spirit rElec Int+5}
   (You bought it in a shop on level 5 of the Dungeon)

   [amulet of guardian spirit]

   Spirit:    It causes incoming damage to be divided between your reserves of
   health and magic.
   Int+5:     It affects your intelligence (+5).
   rElec:     It insulates you from electricity.
 C - a ring of resist corrosion (right tentacle)
 F - a ring of protection from fire (left tentacle)
 I - a ring of protection from cold (on tentacle)
 J - a +4 ring of slaying (on tentacle)
 P - a ring of poison resistance (on tentacle)
 R - the amulet of Dim Light (around mantle) {Spirit rElec rC+ rN+ Int+3}
   (You found it on level 2 of the Lair of Beasts)

   [amulet of guardian spirit]

   Spirit:    It causes incoming damage to be divided between your reserves of
   health and magic.
   Int+3:     It affects your intelligence (+3).
   rC+:       It protects you from cold.
   rElec:     It insulates you from electricity.
   rN+:       It protects you from negative energy.
 S - a ring of see invisible (on tentacle)
 W - a ring of wizardry (on tentacle)
Talismans
 b - a beast talisman
 p - a maw talisman (active)
 A - a storm talisman
 G - a blade talisman
Wands
 e - a wand of iceblast (15)
 i - a wand of flame (5)
 w - a wand of charming (16)
 x - a wand of polymorph (14)
 N - a wand of mindburst (5)
Scrolls
 g - a scroll of fear
 r - 3 scrolls of enchant weapon
 s - a scroll of amnesia
 u - a scroll of enchant armour {unknown}
 y - a scroll of revelation
 D - a scroll of fog {unknown}
 E - a scroll of silence {unknown}
 K - 3 scrolls of torment
 L - a scroll of butterflies
Potions
 a - a potion of lignification
 c - 2 potions of invisibility
 d - 7 potions of might
 f - 5 potions of attraction
 h - 3 potions of haste
 l - a potion of heal wounds
 m - 2 potions of berserk rage
 n - 5 potions of mutation
 o - a potion of degeneration {unknown}
 q - 4 potions of curing
 z - a potion of magic
 H - a potion of cancellation {unknown}
 M - a potion of brilliance {unknown}
Miscellaneous
 Q - a phantom mirror


   Skills:
 + Level 9.1 Fighting
 + Level 7.2 Dodging
 + Level 12.1 Unarmed Combat
 - Level 5.3 Transmutations
 - Level 6.3 Ice Magic
 + Level 3.4 Evocations
 * Level 12.0 Shapeshifting


You couldn't memorise any spells.
You knew the following spells:

 Your Spells              Type           Power      Damage    Failure   Level
a - Wereblood             Tmut           16%        N/A       1%          2
b - Frozen Ramparts       Ice            36%        1d6       2%          3
c - Gell's Gravitas       Tloc           0%         N/A       32%         3
d - Summon Ice Beast      Ice/Summ       9%         N/A       28%         4

Your spell library contained the following spells:

 Spells                   Type           Power      Damage    Failure   Level
 Freeze                   Ice            72%        1d8       1%          1
 Hailstorm                Conj/Ice       9%         3d4       9%          3
 Volatile Blastmotes      Fire/Tloc      0%         2d10      32%         3
 Malign Gateway           Summ/Tloc      0%         N/A       100%        7
 Simulacrum               Ice/Necr       Unusable   N/A       N/A         6

Dungeon Overview and Level Annotations

Branches:
Dungeon (10/15)            Temple (1/1) D:4            Lair (3/5) D:10
 Shoals (0/4) Lair:2        Snake (0/4) Lair:2          Orc (0/2) D:10
  Sewer (visited)         Volcano (visited)

Altars:
Ashenzari
Cheibriados
Dithmenos
Elyvilon
Fedhas
Gozag
Hepliaklqana
Kikubaaqudgha
Makhleb
Nemelex Xobeh
Okawaru
Qazlal
Ru
Sif Muna
Trog
Uskayaw
Vehumet
Wu Jian
Xom
Yredelemnul
Zin
The Shining One

Shops:
D:4 (*   D:5 [(=!   D:6 (*=*   D:8 [

Portals:
Trove: D:10 (give 17 scrolls of teleportation)

Annotations:
D:2 1 runed translucent door, Crazy Yiuf
D:4 Natasha
D:7 2 transporters, Chipwarrior's ghost, amateur HuNe
D:9 3 runed translucent doors, baljet's ghost, novice TrSh
D:10 17 teleports, exclusion: centaur


Innate Abilities, Weirdness & Mutations

You are a creature with a mouth for a stomach.
Your midsection houses a second, enormous mouth.
You cannot wear most types of armour.
You are amphibious.
You can wear up to eight rings at the same time.
Your skin changes colour to match your surroundings (Stealth+).
Your rubbery body absorbs attacks. (AC +1, EV +1)
((You are camouflaged when in or above water. (Stealth+)))
You have tentacles for arms and can constrict up to eight enemies at once.


Message History

You regained 12 hp, and now have 14/90 hp.
You bludgeon Nessos!
You kill Nessos!
The skyshark is no longer moving slowly.
Your Shapeshifting skill increases to level 12!
Throw: 2 darts (curare)
Press: ? - help, Shift-Dir - straight line, f - skyshark
Aim: a skyshark (lightly wounded, berserk, ally target, 72% to hit)
You throw a curare-tipped dart.
The curare-tipped dart hits the skyshark.
The skyshark is poisoned.
The skyshark convulses.
The skyshark seems to slow down.
The skyshark is lightly wounded.
The skyshark closely misses your ice beast.
The skyshark tail-slaps your ice beast! The skyshark tail-slaps your ice beast.
Your ice beast hits the skyshark but does no damage.
Aiming: Iceblast
Press: ? - help, Shift-Dir - straight line, p - skyshark The mass of ice explodes!
The iceblast engulfs the skyshark!
The skyshark is lightly wounded.
The skyshark bites your ice beast!!
Your ice beast dies!
Your ice beast disappears in a puff of smoke!
As you read the scroll of teleportation, it crumbles to dust.
You feel strangely unstable.
Your magical contamination has completely faded away.
You feel much better.
You regained 30 hp, and now have 45/90 hp.
You bludgeon the skyshark! Your squeeze misses the skyshark.
You bite the skyshark.
The skyshark is moderately wounded.
The skyshark bites you! The skyshark tail-slaps you.
The skyshark tail-slaps you!
* * * LOW HITPOINT WARNING * * *
You take 20 damage, and have 25/90 hp.
MASSIVE DAMAGE!!
The skyshark attacks as it pursues you! The skyshark bites you!!
* * * LOW HITPOINT WARNING * * *
The skyshark tail-slaps you!
You die...
Your body crumbles into a pile of gold.

......#PP##P....>...#.#.......P##
..............................##
.....##.##.P.......####.......#
.P##########.......# #........#*
..#** ##..###### ##..##.PP.#
#.,,** ###....## ### #.###..).##
##,,,* #.#..##.###.# #######P..#
*.,+**###.....$.....###.#P.####..
,.(,..#........lW...##...........
,...,............................
,....,*##........(...#...........
,.....*#.............#...........
,...c..##...........PP.........[.
,,,,,,#c.........................
*+,,,,#########.##..####.###..P..
*,,,,,,* #.##### ##.#P..###
****,,** *#.#* ###....#*


You could see a skyshark (berserk, poisoned, slow).

Vanquished Creatures
  Nessos (Lair:3)
  2 two-headed ogres (D:10)
  An occultist (Volcano)
  2 orc knights (Volcano)
  2 cyclopes (Volcano)
  A salamander (Volcano)
  3 elephants (Lair:2)
  3 black mambas
  4 gargoyles (Volcano)
  5 molten gargoyles (Volcano)
  6 cane toads
  2 komodo dragons
  2 rime drakes
  An efreet (Volcano)
  4 trolls
  8 blink frogs
  Sigmund (D:3)
  2 wyverns
  A wraith (D:9)
  3 fire bats (Lair:3)
  A basilisk (Lair:2)
  36 yaks
  A steam dragon (Lair:2)
  A warg (D:10)
  15 water moccasins
  3 orc warriors
  A sky beast (D:6)
  4 black bears
  3 ogres
  10 wolves
  2 centaurs (D:6)
  5 kobold brigands
  6 bullfrogs
  2 scorpions
  9 wights
  8 killer bees
  3 electric eels (D:10)
  2 howler monkeys
  7 hounds
  3 gnoll boudas (D:5)
  10 orc priests
  A sleepcap (D:7)
  Natasha (twice) (D:4)
  2 iguanas (D:7)
  8 orc wizards
  Robin (D:2)
  23 gnolls
  16 adders
  6 river rats
  4 white imps
  5 worms (Sewer)
  2 dart slugs
  39 orcs
  8 ball pythons
  5 bats
  14 endoplasms
  7 giant cockroaches
  12 goblins
  14 hobgoblins
  4 jackals (D:3)
  5 quokkas
  2 frilled lizards (D:1)
  16 kobolds
  9 rats
391 creatures vanquished.

Notes
Turn   | Place    | Note
-------+----------+-------------------------------------------
     0 | D:1      | Dirtsage the Octopode Shapeshifter began the quest for the
                  | Orb.
     0 | D:1      | Reached XP level 1. HP: 13/13 MP: 1/1
   233 | D:1      | Reached XP level 2. HP: 15/18 MP: 2/2
   556 | D:2      | Identified the "Leattis"
   583 | D:2      | Reached XP level 3. HP: 23/23 MP: 3/3
   597 | D:2      | Learned a level 2 spell: Wereblood
   681 | D:2      | Found a runed translucent door.
   682 | D:2      | Noticed Crazy Yiuf
   795 | D:2      | Noticed Robin
   822 | D:2      | Killed Robin
   823 | D:2      | Reached XP level 4. HP: 24/29 MP: 4/4
  1232 | D:3      | Found a faded altar of an unknown god.
  1267 | D:3      | Noticed Sigmund
  1301 | D:3      | Killed Sigmund
  1302 | D:3      | Reached skill level 1 in Transmutations
  1302 | D:3      | Reached XP level 5. HP: 26/35 MP: 5/5
  1302 | D:3      | Reached XP level 6. HP: 31/41 MP: 6/6
  1867 | D:3      | Found an opulent altar of Gozag.
  1869 | D:3      | Found a hide-covered altar of Uskayaw.
  1875 | D:3      | Became a worshipper of Gozag Ym Sagoz the Greedy
  2630 | D:4      | Found Zuubeir's Assorted Antiques.
  2639 | D:3      | Reached skill level 5 in Unarmed Combat
  2690 | D:4      | Bought a scroll labelled VIACSU SUC ACW for 27 gold pieces
  2690 | D:4      | Bought a pink potion for 24 gold pieces
  2690 | D:4      | Bought a scroll labelled VIACSU SUC ACW for 27 gold pieces
  2690 | D:4      | Bought an emerald potion for 24 gold pieces
  2704 | D:4      | Identified a scroll of acquirement
  2704 | D:4      | Acquired 1229 gold pieces
  2763 | D:4      | Noticed a black bear
  2771 | D:4      | Killed a black bear
  2772 | D:4      | Reached XP level 7. HP: 11/45 MP: 7/7
  2907 | D:4      | You fall into a shaft and drop 2 floors!
  2920 | D:6      | Reached skill level 5 in Shapeshifting
  2993 | D:6      | Found a glowing drain.
  3155 | D:6      | Reached XP level 8. HP: 18/52 MP: 8/8
  3224 | Sewer    | Entered a sewer
  4134 | D:5      | Entered Level 5 of the Dungeon
  4159 | D:5      | Found Tecrir's Weapon Shop.
  4226 | D:5      | Found Reti's Antique Armour Shoppe.
  4327 | D:5      | Found Reyppoish's Distillery.
  4340 | D:5      | Bought a potion of attraction for 33 gold pieces
  4340 | D:5      | Bought a potion of lignification for 33 gold pieces
  4340 | D:5      | Bought a potion of might for 44 gold pieces
  4390 | D:5      | Learned a level 3 spell: Frozen Ramparts
  4680 | D:4      | Found a broken altar of Ashenzari.
  4835 | D:4      | Found Eliepsakh's Antique Weapon Emporium.
  4939 | D:4      | Reached XP level 9. HP: 59/59 MP: 6/9
  4941 | D:4      | Reached skill level 1 in Ice Magic
  5010 | D:4      | Noticed Natasha
  5016 | D:4      | Killed Natasha
  5116 | D:4      | Noticed Natasha
  5119 | D:4      | Killed Natasha
  5337 | D:4      | Noticed Natasha
  5385 | D:4      | Found a staircase to the Ecumenical Temple.
  5395 | Temple   | Entered the Ecumenical Temple
  5965 | D:5      | Found Kaiva's Jewellery Shoppe.
  5974 | D:5      | Bought a ring of protection from fire for 325 gold pieces
  5974 | D:5      | Bought the amulet "Syezuosm" {Spirit rElec Int+5} for 708
                  | gold pieces
  5974 | D:5      | Bought a ring of resist corrosion for 260 gold pieces
  5974 | D:5      | Bought a ring of see invisible for 195 gold pieces
  6548 | D:6      | Found a shadowy altar of Dithmenos.
  6678 | D:6      | HP: 3/60 [poisoned by an adder]
  6679 | D:5      | HP: 1/60 [poisoned by an adder]
  7283 | D:6      | Found Wishon's Jewellery Boutique.
  7284 | D:6      | Found Houpyab's Assorted Antiques.
  7285 | D:6      | Found Heituniq's Antique Weapon Boutique.
  7285 | D:6      | Found Woocket's General Store.
  7291 | D:6      | Bought a notched iron ring for 160 gold pieces
  7300 | D:6      | Bought a scroll of fear for 60 gold pieces
  7300 | D:6      | Bought a scroll of identify for 30 gold pieces
  7438 | D:7      | Reached skill level 5 in Fighting
  7438 | D:7      | Found a transporter.
  7442 | D:7      | Found a transporter.
  7443 | D:7      | Noticed Chipwarrior's ghost (amateur HuNe)
  7446 | D:7      | Identified the +6 giant club "Omeeh" {pain, Fly rElec
                  | Str-4}
  8419 | D:8      | Reached XP level 10. HP: 29/66 MP: 6/10
  8585 | D:8      | Reached skill level 5 in Transmutations
  8820 | D:8      | Learned a level 3 spell: Gell's Gravitas
  8822 | D:8      | Found Arghull's Antique Armour Boutique.
  9100 | D:6      | Bought a ring of poison resistance for 260 gold pieces
  9737 | D:9      | Found a runed translucent gate.
  9738 | D:9      | Found a runed translucent gate.
  9739 | D:9      | Found a runed translucent gate.
  9740 | D:9      | Noticed baljet's ghost (novice TrSh)
  9741 | D:9      | Noticed a kobold demonologist
  9741 | D:9      | Noticed a kobold demonologist
  9742 | D:9      | Noticed a kobold demonologist
 10282 | D:10     | Entered Level 10 of the Dungeon
 10507 | D:10     | Found a staircase to the Orcish Mines.
 10870 | D:10     | Noticed a two-headed ogre
 10880 | D:10     | Killed a two-headed ogre
 11013 | D:10     | Noticed a two-headed ogre
 11029 | D:10     | Killed a two-headed ogre
 11093 | D:10     | Reached XP level 11. HP: 74/74 MP: 5/11
 11239 | D:10     | Found a portal to a secret trove of treasure.
 11399 | D:10     | Found a staircase to the Lair.
 12032 | Lair:1   | Entered Level 1 of the Lair of Beasts
 12038 | Lair:1   | Reached skill level 10 in Unarmed Combat
 12503 | Lair:1   | Reached skill level 5 in Ice Magic
 14309 | Lair:2   | Reached skill level 10 in Shapeshifting
 14318 | Lair:2   | Reached skill level 5 in Dodging
 14427 | Lair:2   | Reached XP level 12. HP: 81/81 MP: 9/12
 14576 | Lair:2   | Found a staircase to the Shoals.
 14766 | Lair:2   | Found a staircase to the Snake Pit.
 15503 | Lair:2   | Identified the amulet of Dim Light {Spirit rElec rC+ rN+
                  | Int+3}
 16454 | Lair:3   | Found a dark tunnel.
 16460 | Lair:3   | Reached skill level 1 in Evocations
 16472 | Volcano  | Entered a volcano
 16874 | Volcano  | Reached XP level 13. HP: 89/89 MP: 9/13
 17317 | Volcano  | Noticed an orb of fire
 17318 | Volcano  | Noticed an orb of fire
 17827 | Lair:3   | Learned a level 4 spell: Summon Ice Beast
 17900 | Lair:3   | Noticed Nessos
 17912 | Lair:3   | HP: 2/90 [skyshark (20)]
 17914 | Lair:3   | Killed Nessos
 17920 | Lair:3   | Slain by a skyshark

Illustrated notes

Levels and vault maps discovered:
D:1:      minmay_arrival_four_houses, layout_basic, solitary_fountain
D:2:      layout_basic, minmay_pentomino_q4, uniq_crazy_yiuf_cottage, uniq_robin
D:3:      layout_loops_corners, minitemple, shapermc_ecumenical_altar_pompeii,
          uniq_sigmund
D:4:      layout_basic, overflow_temple_1_default, minmay_temple_entry_poolview,
          serial_shops, shop, nicolae_stop_n_shop_1, uniq_natasha
D:5:      layout_loops_corners, serial_shops, nicolae_square_shop, shop, shop,
          kennysheep_mini
D:6:      layout_rooms, lemuel_tele_altar, portal_sewer_entry_b,
          kennysheep_crisscross, minmay_shop_grid_forest, nicolae_half_adder
D:7:      layout_rooms, gammafunk_ghost_smash
D:8:      layout_gridville, serial_shops, nicolae_shop_getting_attention
D:9:      layout_basic, gammafunk_ghost_nasty_kobolds, grunt_decor_clamped
D:10:     layout_small_grid, erik_lair_island, erik_orc_3, enter_trove_6
Temple:   nicolae_temple_two_arcs
Lair:1:   layout_concentric_octagons, grunt_megastairs_5
Lair:2:   layout_layer_cave, elwin_shoals_entry_rocks,
          minmay_snake_entry_six_corridors, beast_lair_carwin_2,
          grunt_megastairs_3, serial_bayou_shore_a, lemuel_fruit_fields
Lair:3:   layout_roguey, nicolae_volcano_entry_batcave, lemuel_another_geyser,
          uniq_nessos

Skill      XL: |  1  2  3  4  5  6  7  8  9 10 11 12 13 |
---------------+----------------------------------------+-----
Unarmed Combat | 4 5 6 7 8 9 10 11 12 | 12.1
Fighting       | 2 3 4 5 6 7 8 9 |  9.1
Transmutations | 1 2 3 4 5 |  5.3
Shapeshifting  | 4 5 6 7 9 10 11 12 | 12.0
Ice Magic      | 3 4 5 6 |  6.3
Dodging        | 3 5 6 7 |  7.2
Evocations     | 2 3 |  3.4

Action                     |  1- 3 |  4- 6 |  7- 9 | 10-12 | 13-15 || total
---------------------------+-------+-------+-------+-------+-------++-------
  Melee: Unarmed           |    64 |   108 |   303 |   390 |    53 ||   918
         Constrict         |    19 |    33 |    73 |    64 |    12 ||   201
         Tentacles         |    12 |    16 |    64 |   106 |    22 ||   220
         Punch             |     1 |     3 |    16 |    43 |     6 ||    69
         Maw               |       |       |       |   100 |    28 ||   128
  Throw: Dart              |       |     2 |     8 |     5 |     1 ||    16
   Cast: Wereblood         |       |       |     5 |    15 |     3 ||    23
         Frozen Ramparts   |       |       |     2 |    24 |    10 ||    36
         Gell's Gravitas   |       |       |       |     5 |     1 ||     6
         Summon Ice Beast  |       |       |       |       |     1 ||     1
 Invoke: Potion Petition   |       |       |     1 |     2 |       ||     3
  Evoke: Wand              |       |       |       |     5 |     4 ||     9
    Use: Scroll            |       |     5 |     3 |     9 |     3 ||    20
         Potion            |       |       |     2 |     4 |     2 ||     8
   Stab: Sleeping          |     2 |     3 |    12 |     4 |       ||    21
         Distracted        |       |       |     2 |     2 |       ||     4
 Armour: Skin              |    24 |    53 |   168 |   205 |    32 ||   482
  Dodge: Dodged            |    37 |    60 |   143 |   209 |    42 ||   491
   Form: Maw               |       |       |       |     1 |       ||     1

Table legend: (Time is in decaauts)
 A = Elapsed time spent in this place.
 B = Non-inter-level travel time spent in this place.
 C = Inter-level travel time spent in this place.
 D = Time resting spent in this place.
 E = Time spent auto-exploring this place.
 F = Levels seen in this place.
 G = Mean time per level.
                   A        B        C        D        E       F      G
               +--------+--------+--------+--------+--------+-----+--------+
         Total |  17806 |  17172 |    634 |   2667 |  10973 |  16 | 1112.9 |
       Dungeon |  11937 |  11389 |    548 |   1111 |   7939 |  10 | 1193.7 |
        Temple |      1 |      1 |      0 |      0 |      0 |   1 |    1.0 |
          Lair |   3777 |   3691 |     86 |    821 |   2152 |   3 | 1259.0 |
         Sewer |    845 |    845 |      0 |      0 |    653 |   1 |  845.0 |
       Volcano |   1244 |   1244 |      0 |    735 |    229 |   1 | 1244.0 |
               +--------+--------+--------+--------+--------+-----+--------+

Top non-repeatable levels by time:
    D:10: 2526 daAuts
  Lair:2: 2314 daAuts
     D:5: 1597 daAuts
     D:3: 1435 daAuts
     D:6: 1324 daAuts
 Volcano: 1244 daAuts
     D:9: 1147 daAuts
  Lair:1: 1128 daAuts
     D:4: 1020 daAuts
   Sewer: 845 daAuts
     D:8: 839 daAuts
     D:7: 812 daAuts
     D:2: 679 daAuts
     D:1: 554 daAuts
  Lair:3: 334 daAuts
